 Dungeon Crawl Stone Soup version 0.25.1-2-g60ff931df9 (webtiles) character file.

Game seed: 8260650142961567946

72 MajorAdolf the Skirmisher (level 4, -1/45 HPs)
             Began as a Naga Wanderer on Dec 5, 2020.
             Slain by an orc (4 damage)
             ... on level 3 of the Dungeon on Dec 10, 2020.
             The game lasted 00:03:05 (1765 turns).

MajorAdolf the Skirmisher (Naga Wanderer)           Turns: 1765, Time: 00:03:05

Health: -1/45      AC:  4    Str: 15    XL:     4   Next: 25%
Magic:  5/5        EV:  8    Int: 14    God:
Gold:   21         SH:  0    Dex:  9    Spells: 5/5 levels left

rFire    . . .     SeeInvis +   a - +0 mace
rCold    . . .     Gourm    .   (no shield)
rNeg     . . .     Faith    .   b - +0 ring mail
rPois    +         Spirit   .   (no helmet)
rElec    .         Reflect  .   (no cloak)
rCorr    .         Harm     .   (no gloves)
MR       .....                  (no barding)
Stlth    +.........             (no amulet)
HPRegen  0.15/turn              (no ring)
MPRegen  0.09/turn              (no ring)

@: short of breath, very slow
A: large, see invisible, deformed body, poison resistance, slowness 2, slow
metabolism 1, spit poison 1, AC +1
a: Spit Poison


You were on level 3 of the Dungeon.
You were not hungry.

You visited 1 branch of the dungeon, and saw 3 of its levels.

You collected 21 gold pieces.

Inventory:

Hand Weapons
 a - a +0 mace (weapon)
 d - a +0 dagger
Armour
 b - a +0 ring mail (worn)
Jewellery
 i - an uncursed ring of ice {unknown}
Scrolls
 c - a scroll of identify {unknown}
 g - 2 scrolls of remove curse {unknown}
 h - a scroll of teleportation {unknown}
 m - a scroll of immolation {unknown}
Potions
 e - a potion of berserk rage {unknown}
 j - a potion of curing {unknown}
 k - a potion of ambrosia {unknown}
Comestibles
 f - 4 rations
 l - a chunk of flesh


   Skills:
 + Level 4.4 Fighting
 - Level 2.0 Maces & Flails
 - Level 1.0 Armour
 - Level 3.0 Stealth
 - Level 1.0 Spellcasting
   Level 2.0 Translocations


You had 5 spell levels left.
You didn't know any spells.
Your spell library contained the following spells:

 Spells                   Type           Power        Failure   Level  Hunger
 Blink                    Tloc           N/A          34%         2    ###....
 Shroud of Golubria       Chrm/Tloc      #.....       45%         2    ###....
 Gell's Gravitas          Tloc           #.........   56%         3    ####...
 Lesser Beckoning         Tloc           #.........   56%         3    ####...
 Teleport Other           Tloc           #.......     56%         3    ####...
 Passage of Golubria      Tloc           N/A          92%         4    #####..


Dungeon Overview and Level Annotations

Branches:
Dungeon (3/15)

Altars:

Annotations:
D:1 exclusion: downstairs
D:2 Sigmund


Innate Abilities, Weirdness & Mutations

You cannot wear boots.
Your serpentine skin is tough. (AC +1)
You have supernaturally acute eyesight. (SInv)
Armour fits poorly on your strangely shaped body.
Your system is resistant to poisons. (rPois)
You cover ground very slowly.
You have a slow metabolism.
You can spit poison.


Message History

Your Fighting skill increases to level 4!
You have reached level 4!
You feel clever.
You feel slightly more hungry.
You barely miss the orc. The orc closely misses you. The orc hits you.
* * * LOW HITPOINT WARNING * * *
You barely miss the orc. The orc barely misses you.
You barely miss the orc. The orc hits you.
* * * LOW HITPOINT WARNING * * *
You barely miss the orc.
You have got your breath back.
The orc hits you.
* * * LOW HITPOINT WARNING * * *
Press: ? - help, Shift-Dir - straight line, f/p - orc
Aim: an orc, wearing a +0 chain mail The splash of poison hits the orc but does no damage.
You feel slightly more hungry. The orc hits you.
* * * LOW HITPOINT WARNING * * *
You closely miss the orc. The orc hits you.
You die...

####### #...#
#.....# ##.##
###. #.....#####
#<###(....
#.........#
#.......>.
#.....###.#
#..##.....
#.....#
#.####...# ##.
#######
#........#
###.##[..#
#@###### ### #o#
..##)######
#.#.......#
##.###.#..####.#
......%...#
##[###.#.##
#.#.# ..#.#


You could see an orc.

Vanquished Creatures
  Jessica (D:2)
  An orc wizard (D:3)
  A worm (D:3)
  A dart slug (D:1)
  A bat (D:2)
  2 goblins
  3 hobgoblins (D:1)
  2 ball pythons
  2 frilled lizards
  3 kobolds (D:1)
  3 rats (D:1)
20 creatures vanquished.

Notes
Turn   | Place    | Note
-------+----------+-------------------------------------------
     0 | D:1      | MajorAdolf the Naga Wanderer began the quest for the Orb.
     0 | D:1      | MajorAdolf set off with the following items: a +0 mace, a
                  | +0 ring mail, a +0 dagger, a ration; and the following
                  | spells available to memorise: Blink, Shroud of Golubria,
                  | Gell's Gravitas, Lesser Beckoning, Teleport Other, Passage
                  | of Golubria
     0 | D:1      | Reached XP level 1. HP: 19/19 MP: 2/2
   782 | D:1      | Reached XP level 2. HP: 24/27 MP: 3/3
  1162 | D:2      | Noticed Sigmund
  1171 | D:1      | Reached skill level 3 in Fighting
  1432 | D:2      | Noticed Jessica
  1460 | D:2      | Killed Jessica
  1460 | D:2      | Reached XP level 3. HP: 36/36 MP: 4/4
  1759 | D:3      | Reached skill level 4 in Fighting
  1759 | D:3      | Reached XP level 4. HP: 11/45 MP: 5/5
  1765 | D:3      | Slain by an orc

Illustrated notes

Levels and vault maps discovered:
D:1:      lightli_arrival_statuegarden, layout_rooms
D:2:      layout_rooms, lemuel_coloured_pillars_altar, lemuel_crystal_altar,
          evilmike_ruin_ashenzari, uniq_jessica, uniq_sigmund
D:3:      layout_loops_cross, grunt_temple_overflow_growth_and_decay,
          led_sif_book, uniq_terence, uniq_ijyb

Skill      XL: |  1  2  3 |
---------------+----------+-----
Fighting       | 3 4 |  4.4
Maces & Flails | |  2.0
Armour         | |  1.0
Stealth        | |  3.0
Spellcasting   | |  1.0
Translocations | |  2.0

Action                   |  1- 3 |  4- 6 || total
-------------------------+-------+-------++-------
Melee: Mace              |    70 |     5 ||    75
 Abil: Spit Poison       |     7 |     2 ||     9
  Eat: Chunk             |     2 |       ||     2
Armor: Ring mail         |    23 |       ||    23
Dodge: Dodged            |    31 |     2 ||    33
